 Dungeon Crawl Stone Soup version 0.24.0-10-g970556be89 (webtiles) character file.

Game seed: 13602742689932909414, levelgen mode: deterministic

52 DavidChitty2 the Skirmisher (level 3, -6/33 HPs)
             Began as a Minotaur Fighter on Nov 4, 2019.
             Mangled by Sigmund
             ... wielding a +0 scythe
              (7 damage)
             ... on level 2 of the Dungeon.
             The game lasted 00:01:19 (819 turns).

DavidChitty2 the Skirmisher (Minotaur Fighter)       Turns: 819, Time: 00:01:19

Health: -6/33      AC:  7    Str: 21    XL:     3   Next: 60%
Magic:  2/2        EV:  7    Int:  5    God:
Gold:   85         SH:  9    Dex:  9    Spells: 2/2 levels left

rFire    . . .     SeeInvis .   a - +0 war axe
rCold    . . .     Gourm    .   c - +0 shield
rNeg     . . .     Faith    .   b - +0 scale mail
rPois    .         Spirit   .   (helmet restricted)
rElec    .         Reflect  .   (no cloak)
rCorr    .         Harm     .   (no gloves)
MR       .....                  (no boots)
Stlth    ..........             (no amulet)
HPRegen  0.11/turn              (no ring)
MPRegen  0.08/turn              (no ring)

@: no status effects
A: retaliatory headbutt, horns 2
a: no special abilities


You were on level 2 of the Dungeon.
You were not hungry.

You visited 1 branch of the dungeon, and saw 2 of its levels.

You collected 85 gold pieces.

Inventory:

Hand Weapons
 a - a +0 war axe (weapon)
Armour
 b - a +0 scale mail (worn)
 c - a +0 shield (worn)
Scrolls
 f - 2 scrolls of enchant armour {unknown}
 h - a scroll of fog {unknown}
Potions
 d - a potion of might
 g - a potion of berserk rage {unknown}
Comestibles
 e - 3 rations {!d}
 i - 4 chunks of flesh


   Skills:
 + Level 4.1 Fighting
 * Level 3.6 Axes
 + Level 4.0 Armour
 + Level 4.1 Shields


You had 2 spell levels left.
You didn't know any spells.
Your spell library was empty.

Dungeon Overview and Level Annotations

Branches:
Dungeon (2/15)

Altars:

Annotations:
D:2 Sigmund


Innate Abilities, Weirdness & Mutations

You reflexively headbutt those who attack you in melee.
You have a pair of horns on your head.


Message History

a +0 club; a goblin skeleton
Found a lumpy inky potion.
A giant cockroach comes into view.
Found 13 gold pieces.
A giant cockroach is nearby!
A giant cockroach is nearby!
Sigmund the Dreaded comes into view.
He is wielding a +0 scythe.
Sigmund gestures wildly while chanting.
Sigmund flickers and vanishes!
Deactivating autopickup; reactivate with Ctrl-A.
You see here a +0 club.
The giant cockroach bites you but does no damage.
The giant cockroach barely misses you.
You see here a cursed +0 club.
You slash the giant cockroach!
You kill the giant cockroach!
Something hits you.
You see here a giant cockroach corpse.
You closely miss something. Something hits you but does no damage.
You barely miss something. Something hits you!
You closely miss something. Something hits you.
You miss something. Your headbutt misses something. Something hits you!
* * * LOW HITPOINT WARNING * * *
You closely miss something.
You hear some strange, mumbled words.
A puff of flame appears from out of thin air!
You block the puff of flame. Something hits you but does no damage.
You miss something.
Unknown command.
Your shield and scale mail prevent you from hitting something.
Something hits you.
* * * LOW HITPOINT WARNING * * *
You closely miss something. You headbutt something.
You hear some strange, mumbled words.
A magic dart appears from out of thin air!
The magic dart hits you.
* * * LOW HITPOINT WARNING * * *
You barely miss something.
Sigmund appears from thin air!
Reactivating autopickup.
You block Sigmund's attack.
Your shield and scale mail prevent you from hitting Sigmund.
Sigmund hits you but does no damage.
Your shield and scale mail prevent you from hitting Sigmund.
Sigmund hits you with a +0 scythe!
You die...

#....# # #....# #
#....# #
#....##############
#.>................
#....##########....
##'### #.... #.#
#....
#######@##########
#....
##.#.#.#@#.#......#
#....
#......).)........#
#....
##.#.#.#.#.#......#
#....
#.................#
#....
##.#.#.#.#.#......#
#....
#............######
#....
##.#>#.#.#.#.#
#....
#............#


You could see Sigmund.

Vanquished Creatures
  3 oozes
  A dart slug (D:1)
  2 leopard geckos
  4 giant cockroaches
  4 goblins
  4 hobgoblins
  3 jackals (D:1)
  2 kobolds (D:1)
  4 bats
  3 frilled lizards
  3 rats (D:1)
33 creatures vanquished.

Notes
Turn   | Place    | Note
-------+----------+-------------------------------------------
     0 | D:1      | DavidChitty2 the Minotaur Fighter began the quest for the
                  | Orb.
     0 | D:1      | Reached XP level 1. HP: 19/19 MP: 0/0
   165 | D:1      | Reached XP level 2. HP: 23/27 MP: 1/1
   382 | D:1      | Reached XP level 3. HP: 31/33 MP: 2/2
   794 | D:2      | Noticed Sigmund
   816 | D:2      | HP: 1/33 [something/magic dart (5)]
   819 | D:2      | Mangled by Sigmund

Levels and vault maps discovered:
D:1:      lordsloth_arrival_two_stooges, layout_loops_ring
D:2:      layout_basic, evilmike_ruin_ashenzari, lemuel_crystal_altar,
          okawaru_trees_2, first_ration, st_stairs_10, uniq_sigmund

Skill      XL: |  1  2 |
---------------+-------+-----
Axes           | 3 |  3.6
Armour         | 4 |  4.0
Shields        | 4 |  4.1
Fighting       | 4 |  4.1

Action                   || total
-------------------------++-------
Melee: War axe           ||    76
       Headbutt          ||    11
Armor: Scale mail        ||    32
Dodge: Dodged            ||    23
Block: Shield            ||    47
